 Dungeon Crawl Stone Soup version 0.30.0-5-g1a98f26d00 (webtiles) character file.

Game seed: 623102827797349393

30 hawla the Firebug (level 3, 0/26 HPs)
             Began as a Meteoran Fire Elementalist on May 10, 2023.
             Was an Initiate of Vehumet.
             Slain by a centaur (2 damage)
             ... on level 5 of the Dungeon.
             The game lasted 00:02:48 (484 turns).

hawla the Firebug (Meteoran Fire Elementalist)       Turns: 484, Time: 00:02:49

Health: 0/26       AC:  3    Str:  8 (9)  XL:     3   Next: 55%
Magic:  4/8        EV: 12    Int: 16 (19) God:    Vehumet [......]
Gold:   39         SH:  0    Dex: 13 (14) Spells: 5/8 levels left

rFire   . . .        (no weapon)
rCold   . . .        (no shield)
rNeg    . . .        a - +0 robe
rPois   .            (no helmet)
rElec   .            (no cloak)
rCorr   .            d - +0 pair of gloves
SInv    .            (no boots)
Will    .....        (no amulet)
Stlth   +            (no ring)
HPRegen 0.24/turn    (no ring)
MPRegen 0.11/turn

%: no passive effects
@: very slightly contaminated, glowing
A: sense surroundings 1, otherworldly, glowing, explore regen
a: Renounce Religion


You were on level 5 of the Dungeon.
You worshipped Vehumet.
Vehumet was noncommittal.
You visited 2 branches of the dungeon, and saw 6 of its levels.

You collected 39 gold pieces.

Inventory:

Armour
 a - a +0 robe (worn)
 d - a +0 pair of gloves (worn)
Jewellery
 g - a ring of positive energy
Scrolls
 c - 2 scrolls of identify {unknown}
 f - a scroll of enchant armour {unknown}
 h - a scroll of noise {unknown}
Potions
 b - a potion of magic
 e - a potion of haste {unknown}


   Skills:
 + Level 0.2 Fighting
 + Level 2.5 Dodging
 - Level 1.4 Stealth
 + Level 3.3 Spellcasting
 + Level 1.6 Conjurations
 + Level 4.4 Fire Magic


You had 5 spell levels left.
You knew the following spells:

 Your Spells              Type           Power      Damage    Failure   Level
a - Foxfire               Conj/Fire      48%        2x1d6     5%          1
b - Scorch                Fire           32%        2d6       4%          2

Your spell library contained the following spells:

 Spells                   Type           Power      Damage    Failure   Level
 Inner Flame              Hex/Fire       9%         N/A       22%         3
 Volatile Blastmotes      Fire/Tloc      18%        2d11      22%         3
 Flame Wave               Conj/Fire      12%        2d6       45%         4


Dungeon Overview and Level Annotations

Branches:
Dungeon (5/15) Zot: 2670   Temple (1/1) D:4 Zot: 393

Altars:
Ashenzari
Cheibriados
Elyvilon
Fedhas
Gozag
Hepliaklqana
Kikubaaqudgha
Makhleb
Nemelex Xobeh
Okawaru
Qazlal
Ru
Vehumet
Wu Jian
Xom
Yredelemnul
Zin
The Shining One


Innate Abilities, Weirdness & Mutations

You passively map a small area around you.
You are easily found by Zot.
You glow in the dark.
You regain HP and MP as you explore.


Message History

You now have 33 gold pieces (gained 12).
Found a stone staircase leading up.
You now have 39 gold pieces (gained 6).
You open the door.
A centaur comes into view.
The centaur shouts!
The centaur wields a +0 shortbow.
The centaur shoots an arrow.
The arrow hits you!
The centaur shoots an arrow.
The arrow misses you.
The centaur shoots an arrow.
The arrow hits you!
Ouch! That really hurt!
* * * LOW HITPOINT WARNING * * *
There is an open door, spattered with blood here.
Found a red potion.
Found an escape hatch in the ceiling.
The centaur unwields a +0 shortbow.
The centaur completely misses you. The centaur kicks you.
* * * LOW HITPOINT WARNING * * *
Casting: Foxfire (safe; 4% risk of failure)
Confirm with . or Enter, or press ? or * to list all spells.
Flames lash the centaur.
The centaur is lightly wounded.
The centaur's fire resistance burns away.
The centaur closely misses you.
The centaur kicks you but does no damage.
The centaur hits you.
* * * LOW HITPOINT WARNING * * *
The centaur barely misses you.
Casting: Scorch (safe; 3% risk of failure)
Confirm with . or Enter, or press ? or * to list all spells.
You miscast Scorch.
You are very lightly contaminated with residual magic.
Nothing appears to happen.
The centaur hits you.
* * * LOW HITPOINT WARNING * * *
The centaur kicks you.
* * * LOW HITPOINT WARNING * * *
It was a potion of degeneration.
There was something very wrong with that liquid.
You feel weakened.
You feel dopey.
You feel clumsy. The centaur closely misses you. The centaur kicks you.
You die...

* #.♣.# *, ***
#...# ,,, , ,
##.##
#######.## * *
*##...##...#*,
* #<.♣....♣.+
> , *
##...##...# ,
* #######'##
** * ,*#@.#*,
#..c........,
,*
#######...<. *
* *....! *
.... * ,* *
,.... * * ###
, , , ,


You could see a centaur (combustible).

Vanquished Creatures
  An adder (D:4)
  A dart slug (D:4)
  3 orcs (D:4)
  2 endoplasms
  2 goblins
  2 hobgoblins
  A jackal (D:4)
  A ball python (D:1)
  A rat (D:1)
14 creatures vanquished.

Vanquished Creatures (collateral kills)
  A foxfire (D:4)
1 creature vanquished.

Vanquished Creatures (others)
  53 foxfires
53 creatures vanquished.

Grand Total: 68 creatures vanquished

Notes
Turn   | Place    | Note
-------+----------+-------------------------------------------
     0 | D:1      | hawla the Meteoran Fire Elementalist began the quest for
                  | the Orb.
     0 | D:1      | Reached XP level 1. HP: 14/14 MP: 5/5
    75 | D:1      | Reached XP level 2. HP: 20/20 MP: 4/6
    78 | D:1      | Learned a level 2 spell: Scorch
   204 | D:4      | Reached skill level 4 in Fire Magic
   222 | D:4      | Reached XP level 3. HP: 23/26 MP: 2/8
   248 | D:4      | Found a staircase to the Ecumenical Temple.
   286 | Temple   | Entered the Ecumenical Temple
   431 | Temple   | Became a worshipper of Vehumet
   453 | D:5      | Entered Level 5 of the Dungeon
   479 | D:5      | Noticed a centaur
   484 | D:5      | Slain by a centaur

Illustrated notes

Levels and vault maps discovered:
D:1:      minmay_arrival_checkered_box, layout_basic, solitary_fountain,
          minmay_lizard_king
D:2:      layout_basic, minmay_tripent, uniq_jessica, uniq_terence
D:3:      layout_basic, serial_shops, nicolae_shop_waterfront, uniq_robin
D:4:      kennysheep_goblin_castle, layout_rooms, mainiacjoe_overflow_big_doors,
          minmay_temple_entry_gardened_gates,
          nicolae_shop_i_like_small_books_too
D:5:      layout_basic, nicolae_dithmenos_through_a_glass_darkly,
          grunt_ministairs_5
Temple:   regret_index_temple_mists

Skill      XL: |  1  2 |
---------------+-------+-----
Spellcasting   | 3 |  3.3
Fire Magic     | 4 |  4.4
Fighting       | |  0.2
Dodging        | |  2.5
Stealth        | |  1.4
Conjurations   | |  1.6

Action                     || total
---------------------------++-------
  Melee: Unarmed           ||     6
   Cast: Foxfire           ||    29
         Scorch            ||     1
    Use: Potion            ||     1
 Armour: Robe              ||     1
  Dodge: Dodged            ||    11
